 Dungeon Crawl Stone Soup version 0.31-a0-202-g547052bce9 (webtiles) character file.

Game seed: 13983485067495927347

1024 qw the Skirmisher (level 8, -1/45 HPs)
             Began as a Deep Elf Hunter on June 26, 2023.
             Slain by a gnoll
             ... wielding a +0 halberd
              (7 damage)
             ... on level 6 of the Dungeon.
             The game lasted 00:01:34 (3949 turns).

qw the Skirmisher (Deep Elf Hunter)                 Turns: 3949, Time: 00:01:34

Health: -1/45      AC:  6    Str: 13    XL:     8   Next: 2%
Magic:  10/10      EV: 12    Int: 15    God:
Gold:   133        SH:  0    Dex: 18    Spells: 7/7 levels left

rFire   . . .        Y - +2 hand crossbow (freeze)
rCold   . . .        (no shield)
rNeg    + + +        e - +1 ring mail
rPois   +            (no helmet)
rElec   +            (no cloak)
rCorr   .            (no gloves)
SInv    .            (no boots)
Will    +....        j - amulet of faith
Stlth   +            i - ring of Naig {rElec rPois rN+++ Will+ Str-3}
HPRegen 0.27/turn    n - +6 ring of strength
MPRegen 0.12/turn

%: faith
@: marked
A: no striking features
a: no special abilities


You were on level 6 of the Dungeon.
You visited 1 branch of the dungeon, and saw 6 of its levels.
You also visited: Sewer.

You collected 359 gold pieces.
You spent 226 gold pieces at shops.


   Skills:
 - Level 2.6 Fighting
 - Level 12.0 Ranged Weapons
 + Level 0.7 Armour
 - Level 4.2 Dodging
 - Level 1.2 Stealth


You had 7 spell levels left.
You didn't know any spells.
Your spell library was empty.

Inventory:

Hand Weapons
 Y - a +2 hand crossbow of freezing (weapon)
Armour
 e - a +1 ring mail (worn)
Jewellery
 d - an amulet of regeneration
 i - the ring of Naig (left hand) {rElec rPois rN+++ Will+ Str-3}
   (You found it on level 5 of the Dungeon)

   [ring of poison resistance]

   Str:       It affects your strength (-3).
   rElec:     It insulates you from electricity.
   rPois:     It protects you from poison.
   rN:        It renders you almost immune to negative energy.
   Will:      It increases your willpower.
 j - an amulet of faith (around neck)
 n - a +6 ring of strength (right hand)
Scrolls
 a - a scroll of identify
 l - a scroll of teleportation
Potions
 b - a potion of haste
 c - 2 potions of mutation {unknown}
 f - a potion of curing
 g - a potion of might {unknown}
 h - 4 potions of heal wounds
 k - a potion of berserk rage {unknown}
 m - a potion of magic {unknown}

Dungeon Overview and Level Annotations

Branches:
Dungeon (6/15)              Sewer (visited)
 Temple: D:4-7

Altars:
Uskayaw
Yredelemnul

Shops:
D:3 [[(   D:5 **


Message History

The gnoll hits you but does no damage. The gnoll barely misses you.
You shoot a bolt. The bolt hits the shadow imp!
You kill the shadow imp!
The ufetubus hits you but does no damage.
The ufetubus closely misses you. The gnoll hits you but does no damage.
The ufetubus hits you but does no damage.
The ufetubus barely misses you.
Your Ranged Weapons skill increases to level 12!
You shoot a bolt. The bolt hits the jelly!
The bolt freezes the jelly.
The jelly is severely wounded.
The ufetubus hits you.
The ufetubus hits you but does no damage.
The jelly barely misses you. The gnoll misses you.
The gnoll hits you with a +0 whip. The ufetubus barely misses you.
The ufetubus misses you.
You shoot a bolt. The bolt hits the jelly.
The bolt freezes the jelly.
The jelly is almost dead.
The ufetubus closely misses you. The ufetubus barely misses you.
The jelly barely misses you. The gnoll closely misses you.
The gnoll hits you but does no damage.
The ufetubus hits you but does no damage.
The ufetubus misses you. The jelly barely misses you.
The iguana closely misses you. The gnoll closely misses you.
The gnoll hits you with a +0 whip.
You shoot a bolt. The bolt hits the jelly!
The bolt freezes the jelly.
You kill the jelly!
The ufetubus hits you but does no damage. x2
The gnoll hits you with a +0 whip. The iguana closely misses you.
The gnoll misses you.
The ufetubus hits you but does no damage.
The ufetubus hits you.
You have reached level 8!
You feel clever.
You shoot a bolt. The bolt hits the scorpion!
The bolt freezes the scorpion!
You kill the scorpion!
The ufetubus hits you. The ufetubus barely misses you. The iguana bites you.
The gnoll barely misses you.
The gnoll hits you from afar with a +0 halberd!
The ufetubus closely misses you. The ufetubus barely misses you.
The gnoll hits you from afar with a +0 halberd!
You die...

#
###..##..................#.#
## ##..#..................#
.# ##....#........#.......#
.#
##..#..##....####........#
.####..##..###..##
#......... #.##..## .# #..#
.....###.. #....###.... #..#
#...### ..
#....%....#..#.5## ....#
.###....####.#..@##...## ##
##...# #...lg)# #
.............g..
....##............
...#####....##..... # ...#
#...## ##... ## .# ....# ##.
.# ....## .#


You could see an iguana, 2 gnolls and an ufetubus.

Vanquished Creatures
  Pargi (Sewer)
  A sky beast (D:5)
  A centaur (D:6)
  A phantom (D:5)
  A kobold brigand (D:5)
  2 bullfrogs (D:6)
  3 scorpions
  A jelly (D:6)
  2 hounds
  A sleepcap (D:6)
  2 scorpion zombies (D:4)
  A hound zombie (D:4)
  2 gnolls (D:6)
  7 adders
  A shadow imp (D:6)
  3 ufetubi
  An adder zombie (D:4)
  2 worms
  2 dart slugs
  8 orcs
  6 bats
  3 endoplasms
  8 giant cockroaches
  4 goblins
  6 hobgoblins
  11 kobolds
  5 quokkas
  4 ball pythons
  5 frilled lizards
  A jackal zombie (D:4)
96 creatures vanquished.

Notes
Turn   | Place    | Note
-------+----------+-------------------------------------------
     0 | D:1      | qw the Deep Elf Hunter began the quest for the Orb.
     0 | D:1      | Reached XP level 1. HP: 12/12 MP: 3/3
     0 | D:1      | 0 ||| qw: Version: 0.3-a-22-g0ed2b0b
     0 | D:1      | 0 ||| qw: Game counter: 6075
     0 | D:1      | 0 ||| qw: Melee chars always use a shield: true
     0 | D:1      | 0 ||| qw: God list: Okawaru
     0 | D:1      | 0 ||| qw: Allow faded altars: false
     0 | D:1      | 0 ||| qw: Do Orc after clearing Dungeon:15 true
     0 | D:1      | 0 ||| qw: Do second Lair branch before Depths: true
     0 | D:1      | 0 ||| qw: Lair rune preference: random
     0 | D:1      | 0 ||| qw: Goals: Normal
     0 | D:1      | 0 ||| PLANNING D:1-11
    49 | D:1      | HP: 3/12 [frozen (5)]
    50 | D:1      | HP: 1/12 [frozen (2)]
   250 | D:1      | Reached XP level 2. HP: 16/16 MP: 4/4
   253 | D:1      | Reached skill level 6 in Ranged Weapons
   367 | D:1      | Found a faded altar of an unknown god.
   616 | D:1      | 616 ||| UPGRADING to +0 ring mail.
   626 | D:1      | 626 ||| DROPPING +0 leather armour.
   627 | D:1      | 627 ||| UPGRADING to amulet of faith.
   632 | D:1      | 632 ||| READING 2 scrolls labelled WAWNEA LIRUO.
   633 | D:1      | 633 ||| DRINKING 2 fuming ruby potions.
   634 | D:1      | 634 ||| DROPPING scroll of noise.
   635 | D:1      | 635 ||| DROPPING scroll of butterflies.
   701 | D:2      | Reached XP level 3. HP: 10/20 MP: 5/5
   877 | D:2      | 877 ||| FLEEEEING.
   878 | D:2      | 878 ||| FLEEEEING.
   880 | D:2      | 880 ||| FLEEEEING.
   896 | D:2      | 896 ||| FLEEEEING.
   897 | D:2      | 897 ||| FLEEEEING.
  1013 | D:2      | Reached skill level 7 in Ranged Weapons
  1149 | D:2      | 1149 ||| READING scroll labelled GETOUBOBLA.
  1150 | D:2      | 1150 ||| READING scroll labelled OBACED QO AZA.
  1151 | D:2      | 1151 ||| READING scroll labelled RYBOALORIO.
  1156 | D:2      | 1156 ||| READING scroll labelled KITTAA QIPTAAD.
  1181 | D:3      | Found Siafouqo's Antique Weapon Shop.
  1190 | D:3      | 1190 ||| BUYING orcbow (98 gold).
  1190 | D:3      | Bought an orcbow for 98 gold pieces
  1190 | D:3      | 1190 ||| SWAPPING to +0 orcbow.
  1191 | D:3      | 1191 ||| DROPPING +0 shortbow.
  1212 | D:3      | Found Jinu's Armour Emporium.
  1220 | D:3      | 1220 ||| SHOPLISTING +2 leather armour of poison resistance
                  | (176 gold, have 37).
  1220 | D:3      | 1220 ||| SHOPLISTING +3 ring mail of poison resistance (253
                  | gold, have 37).
  1228 | D:3      | Found Saim's Armour Shop.
  1234 | D:3      | 1234 ||| SHOPLISTING +0 cloak (63 gold, have 37).
  1234 | D:3      | 1234 ||| SHOPLISTING +1 leather armour of poison resistance
                  | (154 gold, have 37).
  1234 | D:3      | 1234 ||| SHOPLISTING +2 scale mail of poison resistance
                  | (252 gold, have 37).
  1489 | D:3      | Reached XP level 4. HP: 13/25 MP: 6/6
  1682 | D:3      | 1682 ||| READING scroll labelled GONEFUF XYOCW.
  1683 | D:3      | 1683 ||| DRINKING 2 glowing red potions.
  1723 | D:3      | 1723 ||| DROPPING potion of lignification.
  1796 | D:4      | Noticed a scorpion
  1807 | D:4      | HP: 3/25 [scorpion (6)]
  1808 | D:4      | 1808 ||| DRINKING potion of heal wounds.
  1811 | D:4      | Killed a scorpion
  1812 | D:4      | Reached skill level 8 in Ranged Weapons
  1958 | D:4      | Reached XP level 5. HP: 29/29 MP: 7/7
  2231 | D:4      | Reached skill level 9 in Ranged Weapons
  2245 | D:4      | Found a basalt altar of Yredelemnul.
  2530 | D:4      | 2530 ||| READING 2 scrolls labelled ZOLEXA YXAIBBI.
  2531 | D:4      | 2531 ||| READING scroll labelled NERIURPH VOOJUR.
  2532 | D:4      | 2532 ||| READING scroll labelled VITAJE LOCAO.
  2532 | D:4      | Identified a scroll of acquirement
  2532 | D:4      | 2532 ||| ACQUIRING +2 hand crossbow of freezing
  2532 | D:4      | Acquired a +2 hand crossbow of freezing
  2534 | D:4      | 2534 ||| SWAPPING to +2 hand crossbow of freezing.
  2535 | D:4      | 2535 ||| DROPPING +0 orcbow.
  2536 | D:4      | 2536 ||| READING scroll labelled FIPTAI TOBOIB.
  2538 | D:4      | 2538 ||| Stepping ~*~*~tactically~*~*~ (cloud).
  2542 | D:4      | HP: 7/30 [poisoned by you (poison gas)]
  2547 | D:4      | HP: 3/30 [poisoned by you (poison gas)]
  2672 | D:5      | Entered Level 5 of the Dungeon
  2673 | D:5      | 2673 ||| PLANNING SEWER
  2736 | D:5      | 2736 ||| Stepping ~*~*~tactically~*~*~ (outnumbered).
  2738 | D:5      | 2738 ||| Stepping ~*~*~tactically~*~*~ (outnumbered).
  2741 | D:5      | Reached XP level 6. HP: 33/36 MP: 8/8
  2809 | D:5      | Found a hide-covered altar of Uskayaw.
  2831 | D:5      | 2831 ||| READING scroll of enchant armour.
  2831 | D:5      | 2831 ||| ENCHANTING +0 ring mail.
  2909 | D:5      | Noticed a sky beast
  2913 | D:5      | Killed a sky beast
  2944 | D:5      | Reached skill level 10 in Ranged Weapons
  2983 | D:5      | Found Edyuppuonk's Assorted Antiques.
  2997 | D:5      | Found Fahew's General Store.
  3003 | D:5      | 3003 ||| SHOPLISTING dented malachite amulet (160 gold,
                  | have 132).
  3003 | D:5      | 3003 ||| BUYING forked copper wand (128 gold).
  3003 | D:5      | Bought a forked copper wand for 128 gold pieces
  3003 | D:5      | 3003 ||| SHOPLISTING scroll labelled PAZIR BIUCK (32 gold,
                  | have 4).
  3003 | D:5      | 3003 ||| SHOPLISTING scroll of teleportation (96 gold, have
                  | 4).
  3003 | D:5      | 3003 ||| SHOPLISTING silvery potion (28 gold, have 4).
  3007 | D:5      | 3007 ||| SHOPLISTING +1 scale mail of fire resistance (224
                  | gold, have 4).
  3007 | D:5      | 3007 ||| SHOPLISTING potion of haste (140 gold, have 4).
  3007 | D:5      | 3007 ||| SHOPLISTING ring of fire (350 gold, have 4).
  3082 | D:5      | Reached skill level 3 in Dodging
  3112 | D:5      | Found a glowing drain.
  3113 | D:5      | 3113 ||| DRINKING 2 silvery potions.
  3114 | D:5      | 3114 ||| READING 2 scrolls of identify.
  3114 | D:5      | 3114 ||| IDENTIFYING red potion
  3115 | D:5      | 3115 ||| DROPPING potion of attraction.
  3116 | D:5      | 3116 ||| DROPPING wand of polymorph (6).
  3124 | Sewer    | Entered a sewer
  3174 | Sewer    | Reached XP level 7. HP: 40/40 MP: 9/9
  3183 | Sewer    | Noticed Pargi
  3191 | Sewer    | Killed Pargi
  3339 | Sewer    | 3339 ||| DRINKING 2 viscous yellow potions.
  3340 | Sewer    | 3340 ||| DRINKING 2 fizzy grey potions.
  3341 | Sewer    | 3341 ||| DROPPING potion of brilliance.
  3355 | D:5      | 3355 ||| PLANNING D:1-11
  3369 | D:5      | Identified the ring of Naig {rElec rPois rN+++ Will+ Str-3}
  3428 | D:5      | Reached skill level 11 in Ranged Weapons
  3523 | D:5      | 3523 ||| UPGRADING to ring of Naig {rElec rPois rN+++ Will+
                  | Str-3}.
  3524 | D:5      | 3524 ||| UPGRADING to +6 ring of strength.
  3946 | D:6      | Reached skill level 12 in Ranged Weapons
  3949 | D:6      | Reached XP level 8. HP: 17/45 MP: 10/10
  3949 | D:6      | HP: 6/45 [gnoll/+0 halberd (7)]
  3949 | D:6      | Slain by a gnoll

Levels and vault maps discovered:
D:1:      eino_arrival_cavern_c, layout_rooms, basic_ecumenical_altar,
          grunt_decor_mini_mirrors, serial_bayou_ford_a
D:2:      layout_rooms
D:3:      layout_rooms, serial_shops, shop, nicolae_shop_just_a_little_nook,
          shop
D:4:      layout_basic, nicolae_yredelemnul_corpse_copse
D:5:      layout_loops_ring, nicolae_uskayaw_murder_on_the_dancefloor,
          portal_sewer_entry_f, nicolae_wooded_promenade
D:6:      layout_layer_cave, nicolae_figureground_sparkle

Skill      XL: |  1  2  3  4  5  6  7 |
---------------+----------------------+-----
Ranged Weapons | 6 7 8 9 10 12 | 12.0
Fighting       | 2 |  2.6
Dodging        | 3 4 |  4.2
Armour         | |  0.7
Stealth        | |  1.2

Action                     |  1- 3 |  4- 6 |  7- 9 || total
---------------------------+-------+-------+-------++-------
   Fire: Shortbow          |    92 |       |       ||    92
         Orcbow            |    35 |    83 |       ||   118
         Hand crossbow     |       |    45 |    43 ||    88
    Use: Scroll            |     5 |     7 |       ||    12
         Potion            |     1 |     3 |     2 ||     6
 Armour: Leather armour    |     1 |       |       ||     1
         Ring mail         |    27 |    21 |    27 ||    75
  Dodge: Dodged            |    40 |    33 |    37 ||   110

Table legend:
 A = Non-vault XP
 B = Vault XP
 C = Vault XP percentage of total XP
 D = Non-vault monster count
 E = Vault monster count
 F = Vault count percentage of total count
                 A         B        C        D         E       F
            +---------+---------+-------+---------+---------+-------
      Total |    1273 |     270 |  17.5 |      79 |      17 |  17.7
            +---------+---------+-------+---------+---------+-------
        D:1 |      16 |       0 |   0.0 |       8 |       0 |   0.0
        D:2 |      60 |       0 |   0.0 |      20 |       0 |   0.0
        D:3 |      34 |       0 |   0.0 |       8 |       0 |   0.0
        D:4 |     105 |     100 |  48.8 |      11 |       5 |  31.2
        D:5 |     496 |      12 |   2.4 |      17 |       6 |  26.1
        D:6 |     562 |       0 |   0.0 |      15 |       0 |   0.0
      Sewer |       0 |     158 | 100.0 |       0 |       6 | 100.0
            +---------+---------+-------+---------+---------+-------
